 Dungeon Crawl Stone Soup version 0.27.1-33-g824d729ab1 (webtiles) character file.

Game seed: 4013076871572266031

13 McKennaii the Conjurer (level 2, -1/20 HPs)
             Began as a Demigod Conjurer on Dec 10, 2021.
             Hit by a boomerang thrown by an orc (5 damage)
             ... on level 2 of the Dungeon.
             The game lasted 00:00:43 (783 turns).

McKennaii the Conjurer (Demigod Conjurer)            Turns: 783, Time: 00:00:44

Health: -1/20      AC:  2    Str:  8    XL:     2   Next: 12%
Magic:  7/8        EV: 12    Int: 26    God:
Gold:   73         SH:  0    Dex: 12    Spells: 3/6 levels left

rFire    . . .     SeeInvis .   (no weapon)
rCold    . . .     Faith    .   (no shield)
rNeg     . . .     Spirit   .   a - +0 robe
rPois    .         Reflect  .   (no helmet)
rElec    .         Harm     .   (no cloak)
rCorr    .         Rampage  .   (no gloves)
Will     .....                  (no boots)
Stlth    ++........             (no amulet)
HPRegen  0.06/turn              f - +6 ring of intelligence
MPRegen  0.11/turn              (no ring)

@: no status effects
A: high mp 1, forlorn
a: no special abilities


You were on level 2 of the Dungeon.
You visited 1 branch of the dungeon, and saw 2 of its levels.

You collected 73 gold pieces.

Inventory:

Armour
 a - a +0 robe (worn)
Jewellery
 f - a +6 ring of intelligence (left hand)
Scrolls
 c - a scroll of fog {unknown}
Potions
 b - a potion of lignification {unknown}
 d - 2 potions of haste {unknown}
 e - 2 potions of heal wounds {unknown}
 g - a potion of curing {unknown}


   Skills:
 - Level 1.7 Dodging
 - Level 1.7 Stealth
 + Level 2.5 Spellcasting
 - Level 3.6 Conjurations


You had 3 spell levels left.
You knew the following spells:

 Your Spells              Type           Power      Damage    Failure   Level
a - Magic Dart            Conj           88%        1d7       2%          1
b - Searing Ray           Conj           44%        3d4       3%          2

Your spell library contained the following spells:

 Spells                   Type           Power      Damage    Failure   Level
 Dazzling Flash           Conj/Hex       24%        N/A       14%         3
 Fulminant Prism          Conj/Hex       6%         3d7       43%         4
 Iskenderun's Mystic Bla  Conj/Tloc      12%        2d5       43%         4


Dungeon Overview and Level Annotations

Branches:
Dungeon (2/15)


Innate Abilities, Weirdness & Mutations

Your attributes grow dramatically as you level up.
You have an increased reservoir of magic. (+10% MP)
You shall have no god before yourself.


Message History

The dart slug bites you.
You hit the dart slug.
You kill the dart slug!
You have reached level 2!
Memorise Searing Ray, consuming 2 spell levels and leaving 3?
You start memorising the spell.
You continue memorising. x2
You finish memorising.
Spell assigned to 'b'.
HP restored.
e - 2 white potions
Things that are here:
a +0 dagger; a +0 hunting sling; 22 stones
f - a +6 ring of intelligence You feel clever.
f - a +6 ring of intelligence (left hand)
g - a black potion A rat comes into view.
Found a hand axe.
A rat is nearby!
A rat is nearby!
A rat is nearby!
The magic dart hits the rat.
You kill the rat!
You can't see any susceptible monsters within range! (Use Z to cast anyway.)
You can't see any susceptible monsters within range! (Use Z to cast anyway.) Key pressed, stopping explore.
You can't see any susceptible monsters within range! (Use Z to cast anyway.)
You can't see any susceptible monsters within range! (Use Z to cast anyway.) 2 orcs and an orc priest come into view.
An orc is wielding a +0 club and quivering boomerangs of dispersal.
The orc priest is wielding a +2 hand axe of freezing.
There are monsters nearby!
The magic dart hits the orc.
The orc is moderately wounded.
The orc shouts!
The orc priest shouts!
The orc throws a boomerang.
The boomerang hits you.
The orc priest mumbles some strange prayers to Beogh against you.
Beogh smites you!
Ouch! That really hurt!
* * * LOW HITPOINT WARNING * * *
The orc throws a boomerang.
The boomerang hits you.
You die...

##.# #.........#
#.# #.........#
#.# #.........+
#.###....)....#
#.#.........###
#.#.....#####
#.....#
#.....##########
#............@.#
#....#########.#
##############.#
.).†.....#
........o####
............#
........###o#
#.......# ..#
####'#... ..#


You could see an orc.

Vanquished Creatures
  A dart slug (D:2)
  A ball python (D:2)
  A goblin (D:2)
  2 hobgoblins (D:1)
  2 quokkas
  3 rats
10 creatures vanquished.

Notes
Turn   | Place    | Note
-------+----------+-------------------------------------------
     0 | D:1      | McKennaii the Demigod Conjurer began the quest for the Orb.
     0 | D:1      | Reached XP level 1. HP: 14/14 MP: 5/5
   671 | D:2      | Reached XP level 2. HP: 19/20 MP: 1/8
   674 | D:2      | Learned a level 2 spell: Searing Ray
   783 | D:2      | Hit by a boomerang thrown by an orc

Illustrated notes

Levels and vault maps discovered:
D:1:      minmay_arrival_four_loops, layout_basic,
          shapermc_ecumenical_altar_venn, minmay_misc_feat_room
D:2:      layout_basic

Skill      XL: |  1 |
---------------+----+-----
Spellcasting   | 2 |  2.5
Dodging        | |  1.7
Stealth        | |  1.7
Conjurations   | |  3.6

Action                   || total
-------------------------++-------
Melee: Unarmed           ||     3
 Cast: Magic Dart        ||    22
Dodge: Dodged            ||     3
